 Dungeon Crawl Stone Soup version 0.17-a0-1069-g92ad481 (webtiles) character file.

89189 Lugonue the Unseen (level 15, -3/70 HPs)
             Began as a Spriggan Air Elementalist on May 17, 2015.
             Was the Champion of Sif Muna.
             Killed by a malign offering
             ... invoked by a deep elf priest
              (19 damage)
             ... on level 1 of the Elven Halls.
             The game lasted 03:28:01 (27346 turns).

Lugonue the Unseen (Spriggan Air Elementalist)     Turns: 27346, Time: 03:28:02

Health: -3/70      AC: 10    Str:  9    XL:     15   Next: 48%
Magic:  4/44       EV: 28    Int: 23    God:    Sif Muna [******]
Gold:   700        SH:  0    Dex: 17    Spells: 12 memorised, 1 level left

rFire  + . .     SeeInvis +     S - +2 dagger (speed)
rCold  . . .     Clarity  +     M - +2 troll leather armour
rNeg   . . .     SustAb   .     (shield restricted)
rPois  .         Gourm    .     (helmet restricted)
rElec  .         Spirit   .     B - +2 cloak of Polytheism {rF+ MP+9}
rCorr  .         Warding  .     (gloves unavailable)
rMut   .         Stasis   .     (boots unavailable)
MR     ++...                    e - amulet of clarity
Stlth  +++++++++.               u - ring of wizardry
                                i - +5 ring of strength

@: very slightly contaminated, deflect missiles, invisible, very quick, very
resistant to hostile enchantments, incredibly stealthy
A: unfitting armour, see invisible, herbivore 3, speed 3, slow metabolism 2
a: Channel Energy, Forget Spell, Renounce Religion


You were on level 1 of the Elven Halls.
You worshipped Sif Muna.
Sif Muna was exalted by your worship.
You were not hungry.

You visited 6 branches of the dungeon, and saw 28 of its levels.
You also visited: Labyrinth, Ossuary and Volcano.

You collected 2522 gold pieces.
You spent 1822 gold pieces at shops.

Inventory:

Hand weapons
 a - a +1 dagger of protection
 b - a +7 dagger of chaos
 S - a +2 dagger of speed (weapon)
Armour
 k - a +0 robe of fire resistance
 B - the +2 cloak of Polytheism (worn) {rF+ MP+9}
   (You acquired it on level 8 of the Lair of Beasts)

   It protects you from fire.
   It affects your magic capacity (+9).
 C - a +2 cloak of poison resistance
 M - a +2 troll leather armour (worn)
Magical staves
 L - an uncursed staff of power
 V - an uncursed staff of conjuration
Jewellery
 e - an amulet of clarity (around neck)
 i - a +5 ring of strength (left hand)
 l - an uncursed ring of fire
 n - an uncursed ring of sustain abilities
 u - a ring of wizardry (right hand)
 v - an uncursed ring of protection from cold
 x - an uncursed amulet of stasis
Magical devices
 y - a wand of teleportation (3)
 K - a wand of teleportation (4)
 P - a wand of disintegration (8)
Scrolls
 g - 8 scrolls of teleportation
 j - 2 scrolls of magic mapping
 t - 3 scrolls of remove curse
 A - 2 scrolls of recharging
 G - 3 scrolls of immolation
 I - 3 scrolls of fog
 U - 2 scrolls of fear
 X - a scroll of enchant armour
Potions
 d - 2 potions of heal wounds
 f - a potion of cancellation
 h - a potion of haste
 m - 3 potions of agility
 o - 3 potions of cure mutation
 p - a potion of brilliance
 q - 4 potions of might
 s - 4 potions of flight
 z - 2 potions of invisibility
 F - 3 potions of berserk rage
 J - 3 potions of magic
 N - 4 potions of curing
 Q - 2 potions of resistance
Books
 E - Sif Muna's Papyrus of Gliding Hexes
   (Sif Muna gifted it to you on level 5 of the Lair of Beasts)

   Spells                             Type                      Level
   a - Corona                         Hexes                        1
   b - Slow                           Hexes                        2
   c - Mephitic Cloud                 Conjuration/Poison/Air       3
   d - Silence                        Hexes/Air                    5
   e - Invisibility                   Hexes                        6
 O - a Necronomicon {highlevel}

   This book is beyond your current level of understanding.

   Spells                             Type                      Level
   a - Haunt                          Necromancy/Summoning         7
   b - Borgnjor's Revivification      Necromancy                   8
   c - Death's Door                   Charms/Necromancy            8
   d - Necromutation                  Transmutation/Necromancy     8
 R - a book of Burglary

   Spells                             Type                      Level
   a - Swiftness                      Charms/Air                   2
   b - Passwall                       Transmutation/Earth          3
   c - Passage of Golubria            Translocation                4
   d - Lee's Rapid Deconstruction     Earth                        5
   e - Invisibility                   Hexes                        6
   f - Darkness                       Hexes                        7
 W - a book of Air

   Spells                             Type                      Level
   a - Shock                          Conjuration/Air              1
   b - Swiftness                      Charms/Air                   2
   c - Repel Missiles                 Charms/Air                   2
   d - Static Discharge               Conjuration/Air              3
   e - Lightning Bolt                 Conjuration/Air              5
 Y - a book of the Sky

   Spells                             Type                      Level
   a - Summon Lightning Spire         Summoning/Air                4
   b - Airstrike                      Air                          4
   c - Silence                        Hexes/Air                    5
   d - Deflect Missiles               Charms/Air                   6
   e - Conjure Ball Lightning         Conjuration/Air              6
   f - Tornado                        Air                          9
Miscellaneous
 T - a phial of floods
Comestibles
 c - 10 bread rations
 r - 5 fruits


   Skills:
 * Level 4.0 Fighting
 - Level 10.9 Short Blades
 - Level 4.7 Armour
 - Level 13.6 Dodging
 - Level 20.2 Stealth
 + Level 15.6 Spellcasting
 + Level 1.1 Conjurations
 + Level 12.0 Hexes
 * Level 7.1 Air Magic


You had one spell level left.
You knew the following spells:

 Your Spells              Type           Power        Failure   Level  Hunger
a - Shock                 Conj/Air       ####         1%          1    None
b - Repel Missiles        Chrm/Air       ####..       1%          2    None
c - Ensorcelled Hibernat  Hex/Ice        #####.       1%          2    None
d - Lightning Bolt        Conj/Air       #####.....   9%          5    ##.....
e - Confuse               Hex            ######..     1%          3    None
f - Tukima's Dance        Hex            ######..     1%          3    None
g - Deflect Missiles      Chrm/Air       ####......   82%         6    ####...
h - Confusing Touch       Hex            ######       1%          2    None
i - Invisibility          Hex            ######..     2%          6    ####...
j - Dazzling Spray        Conj/Hex       #####...     1%          3    None
k - Darkness              Hex            ######....   12%         7    ######.
l - Airstrike             Air            ######....   1%          4    None


Dungeon Overview and Level Annotations

Branches:
Dungeon (13/15)            Temple (1/1) D:5            Lair (8/8) D:8
  Swamp (1/4) Lair:4       Shoals (0/4) Lair:6        Snake (0/4) Lair:6
  Slime (0/6) Lair:8          Orc (4/4) D:12            Elf (1/3) Orc:4
 Vaults: D:13-14

Altars:
Ashenzari
Cheibriados
Dithmenos
Elyvilon
Gozag
Makhleb
Nemelex Xobeh
Sif Muna
Vehumet
Xom
Yredelemnul
Zin
The Shining One

Shops:
D:6 }   D:7 :[   D:8 *   Orc:4 :*[(

Annotations:
D:12 exclusions: ice statue and orange crystal statue


Innate Abilities, Weirdness & Mutations

You are tiny and cannot use many weapons and most armour.
You have supernaturally acute eyesight.
You are a herbivore.
You cover ground extremely quickly.
You need consume almost no food.


Message History

The deep elf knight flickers and vanishes for a moment.
Casting: Confuse
Confirm with . or Enter, or press ? or * to list all spells.
Okay, then.
Unknown command.
Casting: Confuse
Confirm with . or Enter, or press ? or * to list all spells.
Aiming: Invisibility
Press: ? - help, Shift-Dir - straight line, f - you You fade into invisibility!
The deep elf priest mumbles some strange prayers to its god against you.
Something smites you!
The deep elf conjurer points at you and mumbles some strange words.
The bolt of lightning misses you. x2
The deep elf mage casts a spell at you.
The fireball explodes!
The fireball engulfs you! You resist.
* * * LOW HITPOINT WARNING * * *
The deep elf priest utters a dark prayer and points at something.
Your life force is offered up.
You die...

##...#.#######)##.. .#..
###.............e##.# .#..
#..............Y..#)####.#..
#............#ee..))ex)#.#..
#...).....#..eee#.#)##.#.#..
#...............#e#)##x#.##.
#...............#e#..)..?#
#.#%....###.......####.###
#....).....@.....### #.#
#...##.#.........#.. ..#
#......#.........#......
#####.#####.........#.# #.#
#....>....#........... .>.
#####.##.##.........#. .#
#...#.##.........#$
#.....#.........#..
#..##..............


You could see 2 deep elf knights, a deep elf conjurer, 2 deep elf priests, an
ice beast, a deep elf fighter and 2 deep elf magi.

Vanquished Creatures
  Rupert (Lair:8)
  Kirke (Swamp:1)
  An orc warlord (Orc:4)
  A deep elf demonologist (Elf:1)
  Nessos (Lair:7)
  A minotaur (Lab)
  The ghost of mefis231 the Bludgeoner, a powerful GrFi of Makhleb (Lair:6)
  Erolcha (D:11)
  Josephine (Swamp:1)
  Fannar (Orc:2)
  9 hydras
  A centaur warrior (D:13)
  An alligator (Swamp:1)
  A queen ant (Lair:2)
  4 orc high priests (Orc:4)
  A spriggan (Swamp:1)
  2 deep elf knights (Elf:1)
  An unseen horror (D:11)
  A salamander mystic (Volcano)
  A swamp dragon (Swamp:1)
  6 hill giants
  Pikel (D:4)
  A deep elf summoner (Elf:1)
  2 orc knights
  2 deep elf conjurers (Elf:1)
  2 oklob plants
  An orb spider (shapeshifter) (Lair:8)
  3 griffons
  A cyclops (D:11)
  An ugly thing (D:11)
  4 orc sorcerers
  3 salamanders (Volcano)
  2 wolf spiders (Lair:8)
  2 sirens (Lair:6)
  5 elephants (Lair:8)
  A black mamba (shapeshifter) (Elf:1)
  A torpor snail (Lair:2)
  A gargoyle (D:10)
  A guardian serpent (Lair:8)
  A sixfirhy (Orc:4)
  A rust devil (Orc:4)
  9 black mambas
  14 spiny frogs
  5 komodo dragons
  4 deep elf priests
  4 trolls
  A fire drake (Lair:5)
  A queen bee (D:9)
  8 slime creatures
  14 blink frogs
  3 bog bodies (Swamp:1)
  4 two-headed ogres
  2 shadows
  Sigmund (D:4)
  5 wyverns
  A redback (Lair:8)
  3 deep elf magi
  25 yaks
  Eustachio (D:4)
  2 hogs (Swamp:1)
  5 wraiths
  15 wargs
  A hungry ghost (D:10)
  8 hippogriffs
  3 deep elf fighters (Elf:1)
  Menkaure (D:4)
  7 vampire mosquitoes (Swamp:1)
  5 basilisks
  5 soldier ants
  3 swamp worms (Swamp:1)
  6 wolves
  22 water moccasins
  4 ice beasts
  A swamp drake (Swamp:1)
  6 porcupines
  7 spiders
  A slave (D:4)
  A necrophage (D:6)
  6 sky beasts
  A naga (Lair:6)
  4 wasps
  19 orc warriors
  A black bear (D:9)
  3 centaurs
  13 crocodiles
  13 ogres
  A phantom (D:10)
  An earth elemental (Lab)
  15 giant frogs
  3 scorpions
  37 killer bees
  5 wights (D:10)
  23 orc priests
  4 crimson imps
  9 centaur zombies
  An electric eel (D:12)
  8 jellies
  2 centaur skeletons
  4 giant frog zombies
  11 hounds
  28 orc wizards
  A quasit (D:13)
  3 giant frog skeletons (D:13)
  8 iguanas
  29 worker ants
  An ogre zombie (Ossuary)
  14 sheep
  2 hound skeletons
  7 mummies
  2 worker ant zombies
  66 river rats
  A gnoll (D:5)
  3 shadow imps
  14 adders
  2 oozes
  An adder zombie (D:8)
  2 worms (D:2)
  8 giant geckos
  209 orcs
  2 bat skeletons
  A bat zombie (D:7)
  24 goblins
  12 hobgoblins
  30 jackals
  16 kobolds
  2 quokkas
  14 bats
  5 giant cockroaches
  2 giant newts
  A goblin zombie (Ossuary)
  3 hobgoblin zombies (Ossuary)
  A jackal skeleton (D:4)
  4 quokka zombies (Ossuary)
  16 rats
  3 rat zombies (Ossuary)
  2 crawling corpses (Elf:1)
  A fungus (Lair:6)
1006 creatures vanquished.

Vanquished Creatures (collateral kills)
  Maud (D:13)
  Urug (D:11)
  7 orc knights
  An orc sorcerer (Orc:4)
  A salamander (Volcano)
  2 merfolk (Lair:6)
  3 nagas (Lair:6)
  22 orc warriors
  An ogre (Orc:1)
  4 wights (D:11)
  2 orc priests (Orc:4)
  4 orc wizards
  37 orcs
  A plant (Lair:8)
87 creatures vanquished.

Vanquished Creatures (others)
  5 dancing weapons
  A deep elf conjurer (Elf:1)
  A giant frog (D:6)
  A butterfly (D:12)
  6 fungi (Lair:8)
  4 plants (Lair:8)
18 creatures vanquished.

Grand Total: 1111 creatures vanquished

Notes
Turn   | Place    | Note
--------------------------------------------------------------
     0 | D:1      | Lugonue the Spriggan Air Elementalist began the quest for the Orb.
     0 | D:1      | Reached XP level 1. HP: 9/9 MP: 5/5
   608 | D:1      | Reached XP level 2. HP: 7/13 MP: 1/7
   988 | D:1      | Learned a level 2 spell: Repel Missiles
  1514 | D:2      | Reached XP level 3. HP: 9/16 MP: 8/8
  1615 | D:2      | Reached skill level 4 in Stealth
  1833 | D:2      | Reached skill level 5 in Stealth
  2484 | D:3      | Reached XP level 4. HP: 17/21 MP: 7/10
  2617 | D:3      | Reached skill level 6 in Stealth
  3000 | D:3      | Reached skill level 7 in Stealth
  3083 | D:3      | Found a shimmering altar of Xom.
  3440 | D:4      | Noticed Sigmund
  3444 | D:4      | Killed Sigmund
  3444 | D:4      | Reached XP level 5. HP: 24/24 MP: 10/12
  3444 | D:4      | Reached XP level 6. HP: 28/28 MP: 10/13
  3446 | D:4      | Reached skill level 8 in Stealth
  3465 | D:4      | Reached skill level 5 in Dodging
  3713 | D:4      | Reached skill level 5 in Spellcasting
  3776 | D:4      | Noticed Menkaure
  3787 | D:4      | Noticed Eustachio
  3799 | D:4      | Killed Menkaure
  3799 | D:4      | Reached skill level 9 in Stealth
  3799 | D:4      | Reached XP level 7. HP: 30/32 MP: 8/16
  3820 | D:4      | Killed Eustachio
  3825 | D:4      | Noticed a slave
  3826 | D:4      | Noticed Pikel
  3826 | D:4      | Noticed a slave
  3826 | D:4      | Noticed a slave
  4268 | D:4      | Reached skill level 10 in Stealth
  4331 | D:4      | Noticed a slave
  4396 | D:4      | Killed a slave
  4571 | D:4      | Killed Pikel
  4571 | D:4      | Reached skill level 11 in Stealth
  4571 | D:4      | Reached XP level 8. HP: 2/36 MP: 13/19
  4922 | D:5      | Entered Level 5 of the Dungeon
  4996 | D:5      | Found a staircase to the Ecumenical Temple.
  5007 | Temple   | Entered the Ecumenical Temple
  5015 | Temple   | Became a worshipper of Sif Muna the Loreminder
  5347 | D:5      | Found a snail-covered altar of Cheibriados.
  5766 | D:6      | Learned a level 2 spell: Swiftness
  5806 | D:6      | Reached skill level 12 in Stealth
  6111 | D:6      | Found a burning altar of Makhleb.
  6116 | D:6      | Reached XP level 9. HP: 39/39 MP: 22/22
  6261 | D:6      | Acquired Sif Muna's first power
  6280 | D:6      | Reached skill level 13 in Stealth
  6383 | D:6      | Found Rean's Gadget Shop.
  6386 | D:6      | Bought a wand of paralysis (9) for 143 gold pieces
  6390 | D:6      | You fall through a shaft!
  6390 | D:7      | Found Fewkehio's Antique Armour Shoppe.
  6407 | D:7      | Bought an embroidered cloak for 144 gold pieces
  6443 | D:7      | Found a glowing silver altar of Zin.
  6444 | D:7      | Found a radiant altar of Vehumet.
  6445 | D:7      | Found a basalt altar of Yredelemnul.
  6492 | D:7      | Found a sand-covered staircase.
  6503 | Ossuary  | Entered an ossuary
  6542 | Ossuary  | Learned a level 5 spell: Lightning Bolt
  6918 | D:7      | Found Lerics's Book Emporium.
  6967 | D:7      | Found a snail-covered altar of Cheibriados.
  7257 | D:7      | Got a distressingly furry helmet
  7258 | D:7      | Identified the +2 helmet "Loyg" {-Tele +Fly Str+3 Stlth+} (You found it on level 7 of the Dungeon)
  7619 | D:8      | Reached skill level 14 in Stealth
  7966 | D:8      | Reached skill level 1 in Armour
  8032 | D:8      | Reached XP level 10. HP: 44/44 MP: 13/24
  8082 | D:8      | Found a staircase to the Lair.
  8333 | D:8      | Found Supaycem's Serpentskin Sales.
  8876 | D:9      | Found a shadowy altar of Dithmenos.
  8887 | D:9      | Found a white marble altar of Elyvilon.
  9063 | D:9      | Reached skill level 1 in Short Blades
  9210 | D:10     | Entered Level 10 of the Dungeon
  9262 | D:9      | Reached skill level 10 in Dodging
  9262 | D:9      | Reached skill level 10 in Spellcasting
  9262 | D:9      | HP: 2/44 [killer bee (9)]
  9392 | D:10     | Reached skill level 15 in Stealth
  9711 | D:10     | Noticed a hill giant
  9716 | D:10     | Noticed a hill giant
  9793 | D:10     | Acquired Sif Muna's second power
  9966 | D:10     | Reached XP level 11. HP: 32/47 MP: 20/26
 10055 | D:10     | Killed a hill giant
 10062 | D:10     | Killed a hill giant
 10205 | D:10     | Noticed a lindwurm
 10232 | D:10     | Noticed a lindwurm
 10252 | D:10     | Noticed a lindwurm
 10261 | D:10     | Noticed a hill giant
 10271 | D:10     | Killed a hill giant
 10271 | D:10     | Reached skill level 16 in Stealth
 10333 | D:11     | Noticed Erolcha
 10372 | D:11     | Killed Erolcha
 10433 | D:11     | Noticed a hill giant
 10456 | D:11     | Killed a hill giant
 10488 | D:11     | Noticed a hill giant
 10494 | D:11     | Killed a hill giant
 10788 | D:7      | Bought a book of Maledictions for 350 gold pieces
 10791 | D:7      | Learned a level 2 spell: Ensorcelled Hibernation
 10795 | D:7      | Learned a level 3 spell: Confuse
 10858 | D:9      | Reached skill level 1 in Hexes
 11434 | D:10     | Noticed a lindwurm
 11628 | D:11     | Noticed Urug
 11714 | D:11     | Noticed an unseen horror
 11720 | D:11     | Killed an unseen horror
 11720 | D:11     | Reached skill level 5 in Hexes
 12038 | D:12     | Found a staircase to the Orcish Mines.
 12362 | D:12     | Noticed an ice statue
 12421 | D:12     | Reached XP level 12. HP: 51/51 MP: 7/28
 12488 | D:12     | Learned a level 3 spell: Tukima's Dance
 12646 | D:13     | Noticed Maud
 12678 | D:13     | Killed Maud
 12815 | D:13     | Acquired Sif Muna's third power
 12853 | D:13     | Noticed a centaur warrior
 12871 | D:13     | Killed a centaur warrior
 12871 | D:13     | Reached skill level 10 in Hexes
 14039 | D:11     | Learned a level 5 spell: Metabolic Englaciation
 14067 | D:11     | Noticed a hill giant
 14075 | D:11     | Killed a hill giant
 14245 | D:11     | Reached skill level 17 in Stealth
 15593 | Lair:1   | Entered Level 1 of the Lair of Beasts
 15686 | Lair:1   | Found a labyrinth entrance.
 15695 | Lab      | Entered a labyrinth
 15890 | Lab      | Noticed a minotaur
 15905 | Lab      | Killed a minotaur
 15938 | Lab      | Got a smoking short sword
 15939 | Lab      | Identified the +4 short sword "Qaubemas" {pierce, Str+4} (You found it in a labyrinth)
 16407 | Lair:1   | Noticed a four-headed hydra
 16443 | Lair:1   | Killed a four-headed hydra
 16443 | Lair:1   | Reached skill level 5 in Short Blades
 16443 | Lair:1   | Reached skill level 18 in Stealth
 16594 | Lair:2   | Reached XP level 13. HP: 55/55 MP: 29/29
 17503 | Lair:3   | Reached skill level 19 in Stealth
 18072 | Lair:4   | Found a dark tunnel.
 18090 | Volcano  | Entered a volcano
 18595 | Lair:4   | Reached skill level 20 in Stealth
 18994 | Lair:4   | Found a staircase to the Swamp.
 19002 | Swamp:1  | Entered Level 1 of the Swamp
 19073 | Swamp:1  | Noticed Josephine
 19130 | Swamp:1  | Killed Josephine
 19418 | Swamp:1  | Noticed Kirke
 19432 | Swamp:1  | Killed Kirke
 19738 | Swamp:1  | Reached XP level 14. HP: 38/59 MP: 4/30
 19863 | Lair:5   | You fall through a shaft for 3 floors!
 19863 | Lair:8   | Entered Level 8 of the Lair of Beasts
 19916 | Lair:8   | Found a staircase to the Slime Pits.
 19950 | Lair:8   | Noticed Rupert
 20001 | Lair:8   | Reached skill level 10 in Short Blades
 20119 | Lair:7   | Learned a level 2 spell: Confusing Touch
 20148 | Lair:7   | Noticed Nessos
 20173 | Lair:7   | Killed Nessos
 20388 | Lair:7   | Found a shadowy altar of Dithmenos.
 21138 | Lair:6   | Found a staircase to the Snake Pit.
 21205 | Lair:6   | Noticed mefis231's ghost (powerful GrFi)
 21312 | Lair:6   | Killed mefis231's ghost
 21359 | Lair:6   | Reached skill level 5 in Air Magic
 21625 | Lair:6   | Found a staircase to the Shoals.
 21871 | Lair:5   | Received a gift from Sif Muna
 21874 | Lair:5   | Identified Sif Muna's Papyrus of Gliding Hexes (Sif Muna gifted it to you on level 5 of the Lair of Beasts)
 21882 | Lair:5   | Learned a level 6 spell: Invisibility
 22118 | Lair:8   | Reached skill level 1 in Fighting
 22133 | Lair:8   | Gained mutation: You are clumsy. (Dex -2) [mutagenic glow]
 22286 | Lair:8   | Killed Rupert
 23020 | Lair:8   | Lost mutation: You are clumsy. (Dex -2) [potion of cure mutation]
 23234 | Lair:8   | Identified a scroll of acquirement
 23237 | Lair:8   | Got a slimy cloak
 23248 | Lair:8   | Identified the +2 cloak of Polytheism {rF+ MP+9} (You acquired it on level 8 of the Lair of Beasts)
 23691 | Lair:1   | Reached XP level 15. HP: 67/67 MP: 34/34
 23842 | D:11     | Killed Urug
 23888 | Orc:1    | Entered Level 1 of the Orcish Mines
 24027 | Orc:1    | Learned a level 3 spell: Dazzling Spray
 24386 | Orc:2    | Noticed Fannar
 24408 | Orc:2    | Killed Fannar
 25069 | Orc:4    | Entered Level 4 of the Orcish Mines
 25069 | Orc:4    | Found a staircase to the Elven Halls.
 25163 | Orc:4    | Found a burning altar of Makhleb.
 25852 | Orc:4    | Received a gift from Sif Muna
 25906 | Orc:4    | Learned a level 7 spell: Darkness
 26469 | Orc:4    | Reached skill level 15 in Spellcasting
 26879 | Orc:4    | Found Yckuipnega's General Store.
 26880 | Orc:4    | Found Uxokerph's Book Boutique.
 26882 | Orc:4    | Found Bounyp's Antique Armour Boutique.
 26882 | Orc:4    | Found Madufita's Antique Weapon Shop.
 26928 | Orc:4    | Bought a cloak for 130 gold pieces
 26937 | Orc:4    | Bought a scroll of enchant armour for 90 gold pieces
 26937 | Orc:4    | Bought a potion of heal wounds for 60 gold pieces
 26937 | Orc:4    | Bought a potion of heal wounds for 60 gold pieces
 26938 | Orc:4    | Bought a book of the Sky for 845 gold pieces
 26958 | Orc:4    | Learned a level 6 spell: Deflect Missiles
 26963 | Orc:4    | Learned a level 4 spell: Airstrike
 27207 | Elf:1    | Entered Level 1 of the Elven Halls
 27313 | Elf:1    | Reached skill level 1 in Conjurations
 27346 | Elf:1    | Killed from afar by a deep elf priest

Vault maps used:
D:1:      minmay_arrival_widening_spiral_wide, minmay_cut_off
D:3:      serial_park_square1, overflow_temple_1_default
D:4:      first_bread, tgw_kikubaaqudgha, uniq_menkaure, uniq_sigmund,
          uniq_eustachio, uniq_pikel
D:5:      minmay_temple_entry_overgrown, basic_altar
D:6:      makhleb_blood_cavern_becter, serial_shops, nicolae_shop_behind_doors
D:7:      grunt_temple_overflow_open, gup_ossuary_entry_pyramid, serial_shops,
          shop, shop
D:8:      lair_0_dummy, guppyfry_shop_venom
D:9:      amethyst_overflow_temple_binary, david_nohive_1
D:10:     minmay_lindwurm_lava
D:11:     lemuel_castle_with_subvaults, uniq_urug, uniq_erolcha
D:12:     hiddenorc2_lemuel, nrook_pool_corridor, minivault_15,
          minmay_protected_statue
D:13:     uniq_maud
Temple:   triangle_lava_temple_11
Lair:1:   lab_entry_generic, bh_autumn_forest_stairs
Lair:2:   special_room, minmay_another_anthill
Lair:3:   bh_chokoban
Lair:4:   swamp_mist, enter_volcano_2, lemuel_fruit_tree, grunt_megastairs_2
Lair:5:   nicolae_lair_grove_arrangements, st_stairs_7
Lair:6:   elwin_shoals_entry_stream, minmay_snake_entry_guardpost_medium,
          kennysheep_basilisk_garden
Lair:7:   lemuel_oklob_altar, uniq_nessos
Lair:8:   hangedman_lair_tendril_chambers, minmay_slime_entry_pillars,
          minivault_25, st_stairs_7, minivault_27, minmay_hedge_maze,
          uniq_rupert
Swamp:1:  evilmike_swamp_ruin_rubble_1, uniq_kirke, uniq_josephine
Orc:1:    nicolae_orc_rockfall
Orc:2:    minmay_orc_barracks, uniq_fannar
Orc:3:    nicolae_orc_pool_cavern, nicolae_orc_sculptors_studio, uniq_snorg
Orc:4:    st_orc_congregation, basic_altar
Elf:1:    eino_elf_arrival_the_gate, hangedman_elf_represent
Lab:      labyrinth_spiral, lab_statue, lab_hedge, nicolae_lab_stuck,
          nicolae_lab_swirl, nicolae_lab_x, labyrinth_glass_2,
          nicolae_lab_quarters, labyrinth_skeletal_remains, nicolae_lab_arrow,
          nicolae_lab_blocks, nicolae_lab_flowing_pool, nicolae_lab_do_over,
          nicolae_lab_garden
Ossuary:  ossuary_boxes_badplayer
Volcano:  volcano_pools

Action                   |  1- 3 |  4- 6 |  7- 9 | 10-12 | 13-15 || total
-------------------------+-------+-------+-------+-------+-------++-------
Melee: Unarmed           |     6 |       |       |       |       ||     6
       Dagger            |    80 |    53 |   222 |   727 |  1273 ||  2355
       Rapier            |       |       |     8 |       |       ||     8
 Cast: Shock             |    58 |    53 |   230 |   244 |   165 ||   750
       Repel Missiles    |     1 |       |       |       |     2 ||     3
       Ensorcelled Hiber |       |       |       |    77 |   190 ||   267
       Confuse           |       |       |       |    88 |   173 ||   261
       Tukima's Dance    |       |       |       |    29 |    72 ||   101
       Metabolic Englaci |       |       |       |       |     7 ||     7
       Invisibility      |       |       |       |       |    10 ||    10
       Confusing Touch   |       |       |       |       |     1 ||     1
       Lightning Bolt    |       |       |       |       |    14 ||    14
       Dazzling Spray    |       |       |       |       |     9 ||     9
       Airstrike         |       |       |       |       |     2 ||     2
       Deflect Missiles  |       |       |       |       |     1 ||     1
Invok: Channel Energy    |       |       |       |     6 |    31 ||    37
       Forget Spell      |       |       |       |       |     1 ||     1
Evoke: Wand              |       |     2 |    12 |    41 |       ||    55
  Use: Scroll            |       |       |    21 |    19 |    20 ||    60
       Potion            |       |       |       |     2 |     7 ||     9
 Stab: Sleeping          |     6 |     7 |    45 |    71 |   166 ||   295
       Confused          |       |       |     6 |    50 |    86 ||   142
       Distracted        |       |       |     1 |     4 |     9 ||    14
       Paralysed         |       |       |       |     3 |     2 ||     5
       Invisible         |       |       |       |       |    75 ||    75
       Petrifying        |       |       |       |       |     3 ||     3
  Eat: Fruit             |       |       |     3 |     2 |    19 ||    24
       Pizza             |       |       |       |     3 |       ||     3
       Royal jelly       |       |       |       |     3 |     5 ||     8
